 Dungeon Crawl Stone Soup version 0.31-a0-851-g7ff8af7976 (webtiles) character file.

Game seed: 6859917550038094407

216045 freelancePsychic the Marksdemigod (level 17, 0/154 HPs)
             Began as a Demigod Artificer on Oct 5, 2023.
             Killed from afar by a nagaraja (24 damage)
             ... with a poison arrow
             ... on level 4 of the Snake Pit on Oct 6, 2023.
             The game lasted 01:11:37 (28226 turns).

freelancePsychic the Marksdemigod (DgAr)           Turns: 28226, Time: 01:11:38

Health: 0/154      AC: 28    Str: 15    XL:     17   Next: 72%
Magic:  0/30       EV: 23    Int: 13    God:
Gold:   920        SH:  0    Dex: 38    Spells: 19/28 levels left

rFire   + + .        a - +5 triple crossbow (elec)
rCold   + . .        (shield currently unavailable)
rNeg    . . .        S - +4 swamp dragon scales
rPois   +            u - +2 helmet
rElec   +            N - +2 cloak {rF+}
rCorr   .            j - +1 pair of gloves
SInv    .            s - +1 pair of boots
Will    +....        k - amulet of Nekimn {Spirit rC+ Regen+ Slay+3}
Stlth   +            A - ring of Xom's Recklessness {rElec rF+ Dex+4 Stlth-}
HPRegen 1.25/turn    d - ring "Zall" {AC+4 Str+2 Slay+2}
MPRegen 0.22/turn

%: guardian spirit
@: lethally poisoned (0 -> -3), untranslocatable, constricted, studying Short
Blades
A: high MP 1, forlorn, divine attributes
}: 1/15 runes: decaying
a: no special abilities


You were on level 4 of the Snake Pit.
You visited 5 branches of the dungeon, and saw 30 of its levels.
You visited 1 bazaar.
You also visited: Sewer, Bailey, Gauntlet, Ice Cave and Volcano.

You collected 4486 gold pieces.
You spent 3566 gold pieces at shops.

Inventory:

Hand Weapons
 a - a +5 triple crossbow of electrocution (weapon)
 B - the +7 quarterstaff "Deosil" {holy, Str+3}
   (You took it off a hobgoblin on level 2 of the Dungeon)

   Str+3:     It affects your strength (+3).
Missiles
 w - 8 curare-tipped darts
 O - 5 throwing nets
Armour
 j - a +1 pair of gloves (worn)
 n - the +1 cloak "Jorrourph" {-Tele Rampage rF++ Stlth+}
   (You bought it in a shop on level 1 of the Snake Pit)

   rF++:      It greatly protects you from fire.
   -Tele:     It prevents most forms of teleportation.
   Rampage:   It bestows one free step when moving towards enemies.
   Stlth+:    It makes you more stealthy.
 s - a +1 pair of boots (worn)
 u - a +2 helmet (worn)
 N - a +2 cloak of fire resistance (worn)
 S - +4 swamp dragon scales (worn)
Jewellery
 d - the ring "Zall" (right hand) {AC+4 Str+2 Slay+2}
   (You acquired it in a bailey)

   [ring of protection]

   AC+4:      It affects your AC (+4).
   Str+2:     It affects your strength (+2).
   Slay+2:    It affects your accuracy & damage with ranged weapons and melee
   (+2).
 i - the ring of Azocuzef {rN+ Int+6 Dex+4}
   (You took it off a minotaur in a Gauntlet)

   [ring of intelligence]

   Int+6:     It affects your intelligence (+6).
   Dex+4:     It affects your dexterity (+4).
   rN+:       It protects you from negative energy.
 k - the amulet of Nekimn (around neck) {Spirit rC+ Regen+ Slay+3}
   (You bought it in a shop on level 15 of the Dungeon)

   [amulet of guardian spirit]

   Spirit:    It causes incoming damage to be divided between your reserves of
   health and magic.
   Slay+3:    It affects your accuracy & damage with ranged weapons and melee
   (+3).
   rC+:       It protects you from cold.
   Regen+:    It increases your rate of health regeneration.
 A - the ring of Xom's Recklessness (left hand) {rElec rF+ Dex+4 Stlth-}
   (You found it in a Gauntlet)

   [ring of protection from fire]

   Dex+4:     It affects your dexterity (+4).
   rF+:       It protects you from fire.
   rElec:     It insulates you from electricity.
   Stlth-:    It makes you less stealthy.
 C - a ring of fire
 H - the ring "Iloabar" {Will+ MP+9 Stlth+}
   (You found it in a Gauntlet)

   [ring of willpower]

   Will+:     It increases your willpower.
   MP+9:      It affects your magic capacity (+9).
   Stlth+:    It makes you more stealthy.
 Q - a ring of poison resistance
 R - an amulet of regeneration
 V - a +6 ring of dexterity
Wands
 c - a wand of flame (51)
 e - a wand of paralysis (19)
 m - a wand of roots (25)
 p - a wand of mindburst (7)
 G - a wand of polymorph (11)
 I - a wand of acid (17)
 P - a wand of digging (3)
Scrolls
 b - 4 scrolls of immolation
 g - a scroll of brand weapon
 h - 9 scrolls of fog
 l - 10 scrolls of vulnerability
 o - 2 scrolls of revelation
 r - 2 scrolls of torment
 t - 5 scrolls of teleportation {@r4}
 z - 2 scrolls of silence
 E - 8 scrolls of identify {@r1}
 F - a scroll of blinking
 J - 6 scrolls of fear
 K - 4 scrolls of poison
 W - a scroll of amnesia
Potions
 f - 3 potions of magic
 q - 5 potions of attraction
 v - 4 potions of mutation
 x - 5 potions of enlightenment
 y - 2 potions of haste {@q3}
 D - 4 potions of might
 L - 4 potions of brilliance
 M - 2 potions of cancellation
 T - 3 potions of lignification
 U - a potion of resistance
 X - 2 potions of invisibility
 Y - a potion of heal wounds {@q2}
 Z - 3 potions of curing {@q1}


   Skills:
 + Level 14.7 Fighting
 + Level 18.8 Ranged Weapons
 + Level 7.6 Armour
 + Level 12.1 Dodging
 - Level 0.8 Stealth
 - Level 6.0 Spellcasting
 - Level 9.0 Hexes
 - Level 9.0 Translocations
 - Level 6.9 Evocations


You had 19 spell levels left.
You knew the following spells:

 Your Spells              Type           Power      Damage    Failure   Level
a - Dimensional Bullseye  Hex/Tloc       13%        N/A       8%          4
b - Tukima's Dance        Hex            27%        N/A       2%          3
c - Blink                 Tloc           54%        N/A       1%          2

Your spell library contained the following spells:

 Spells                   Type           Power      Damage    Failure   Level
 Slow                     Hex            100%       N/A       1%          1
 Lesser Beckoning         Tloc           54%        N/A       1%          2
 Confusing Touch          Hex            27%        N/A       2%          3
 Gell's Gravitas          Tloc           27%        N/A       2%          3
 Sigil of Binding         Hex            27%        N/A       2%          3
 Teleport Other           Tloc           27%        N/A       2%          3
 Ensorcelled Hibernation  Hex/Ice        30%        N/A       7%          2
 Momentum Strike          Conj/Tloc      30%        3d8       7%          2
 Manifold Assault         Tloc           27%        N/A       8%          4
 Dazzling Flash           Conj/Hex       30%        N/A       14%         3
 Inner Flame              Hex/Fire       15%        N/A       14%         3
 Summon Guardian Golem    Hex/Summ       15%        N/A       14%         3
 Volatile Blastmotes      Fire/Tloc      30%        2d12      14%         3
 Foxfire                  Conj/Fire      12%        2x1d4     30%         1
 Kiss of Death            Conj/Necr      12%        2d6       30%         1
 Sandblast                Erth           6%         2d5       30%         1
 Summon Small Mammal      Summ           12%        N/A       30%         1
 Passwall                 Tmut/Erth      2%         N/A       41%         2
 Static Discharge         Conj/Air       6%         2-3/arc   41%         2
 Fulminant Prism          Conj/Hex       7%         3d7       43%         4
 Iskenderun's Mystic Bla  Conj/Tloc      15%        2d5       43%         4
 Leda's Liquefaction      Hex/Erth       7%         N/A       43%         4
 Call Canine Familiar     Summ           3%         N/A       65%         3
 Stone Arrow              Conj/Erth      6%         3d7       65%         3
 Swiftness                Air            3%         N/A       65%         3
 Vampiric Draining        Necr           3%         2d6       65%         3
 Dispersal                Tloc           13%        N/A       75%         6
 Silence                  Hex/Air        7%         N/A       78%         5
 Yara's Violent Unravell  Hex/Tmut       7%         3d5       78%         5
 Airstrike                Air            1%         2d(1-17)  96%         4
 Animate Armour           Summ/Erth      6%         N/A       96%         4
 Brom's Barrelling Bould  Conj/Erth      3%         2d3       96%         4
 Dispel Undead            Necr           3%         3d7       96%         4
 Flame Wave               Conj/Fire      3%         2d5       96%         4
 Sticky Flame             Conj/Fire      3%         2d3       96%         4
 Summon Lightning Spire   Summ/Air       3%         N/A       96%         4
 Agony                    Necr           3%         N/A       100%        5
 Lee's Rapid Deconstruct  Erth           1%         3d4*      100%        5
 Bombard                  Conj/Erth      1%         9d1       100%        6
 Plasma Beam              Fire/Air       1%         2x1d11    100%        6
 Starburst                Conj/Fire      1%         6d3       100%        6
 Disjunction              Tloc           13%        N/A       100%        8
 Lehudib's Crystal Spear  Conj/Erth      1%         10d2      100%        8


Dungeon Overview and Level Annotations

Branches:
Dungeon (15/15)            Temple (0/1) D:5            Lair (5/5) D:10
  Swamp (4/4) Lair:2        Snake (4/4) Lair:2        Slime (0/5) Lair:5
    Orc (2/2) D:12            Elf (0/3) Orc:2        Vaults (0/5) D:13
 Depths (0/4) D:15          Sewer (visited)          Bailey (visited)
  IceCv (visited)         Volcano (visited)         Gauntlet (visited)

Shops:
D:15 *   Orc:2 (((*=(:=*   Snake:1 [

Annotations:
D:3 Robin
D:4 1 runed translucent door, exclusion: ogre, Crazy Yiuf
D:6 Grinder
D:13 exclusion: obsidian statue
D:15 3 runed translucent doors, Xiynir's ghost, adept VSSh
Snake:2 3 runed translucent doors, bahustanut's ghost, adept FoFi


Innate Abilities, Weirdness & Mutations

You have an increased reservoir of magic. (+10% MP)
You shall have no god before yourself.
Your divine heritage dramatically boosts your attributes as you level up.


Message History

The naga warrior spits poison at you. The splash of poison misses you.
The nagaraja completely misses you. The nagaraja constricts you.
The nagaraja hits you with a +0 spear.
The naga warrior roars a battlecry!
The nagarajas go into a battle-frenzy!
You shoot a bolt. The bolt hits the naga warrior!!
The naga warrior is severely wounded.
The nagaraja hits you with a +0 flail! The nagaraja constricts you.
The nagaraja hits you with a +0 spear!
* * * LOW HITPOINT WARNING * * *
A naga sharpshooter comes into view. It is wielding a +0 halberd.
The naga warrior hits you with a +0 short sword!
* * * LOW HITPOINT WARNING * * *
As you read the scroll of fear, it crumbles to dust.
You assume a fearsome visage.
The nagaraja looks frightened!
The naga sharpshooter shouts!
The naga sharpshooter resists with almost no effort.
The naga warrior looks frightened!
The nagaraja resists with almost no effort.
You hear an angry hiss.
The nagaraja hits you with a +0 flail!!
* * * LOW HITPOINT WARNING * * *
The nagaraja constricts you.
* * * LOW HITPOINT WARNING * * *
The naga sharpshooter unwields a +0 halberd.
The naga sharpshooter wields a +0 shortbow.
The naga sharpshooter shoots an arrow.
The arrow barely misses you.
You feel much better. The nagaraja hits you with a +0 flail!
* * * LOW HITPOINT WARNING * * *
The nagaraja constricts you.
The naga sharpshooter gestures wildly while chanting.
The naga sharpshooter magically shoots an arrow.
The arrow hits you.
* * * LOW HITPOINT WARNING * * *
You feel much better.
The nagaraja points at you and mumbles some strange words.
The poison arrow hits you!!
You are poisoned.
You partially resist.
You die...

#................ ..##
...##.....####### .... .
#.......)...# .....##
##......).).. .....#.
#########))..
....N.N#####....).))...#
...)....##...........###
......))#....)########..
#.....N@).)..###..)....#
#.########))).N####...##
##.......##..#.
##.......#..#.
####.N.##.... .....###..
........##. N...⌠.....#.
...........##


You could see 2 nagarajas, a naga warrior (fleeing) and a naga sharpshooter.

Vanquished Creatures
  Bai Suzhen (Snake:3)
  A tentacled monstrosity (Swamp:4)
  Donald (Orc:2)
  Kirke (Snake:1)
  2 thorn hunters (Swamp:4)
  A fenstrider witch (Swamp:2)
  4 nagarajas
  An orc warlord (Bailey)
  2 ghouls (Swamp:4)
  A stone giant (Volcano)
  2 vampire knights (Swamp:4)
  3 eleionomae
  3 bunyips
  A minotaur (Gauntlet)
  An ettin (Orc:1)
  A blizzard demon (Gauntlet)
  A spriggan zombie (D:15)
  3 shambling mangroves
  10 hydras
  2 salamander tyrants
  2 ice dragons
  5 vault guards (D:13)
  A merfolk avatar (Lair:5)
  12 alligators
  12 anacondas
  A catoblepas (Lair:5)
  5 centaur warriors
  5 death knights (D:13)
  3 boulder beetles
  14 naga warriors
  2 two-headed ogres
  12 naga sharpshooters
  3 death yaks (D:10)
  4 spriggans
  7 shock serpents
  A deep elf knight (D:13)
  6 orc high priests (Orc:2)
  4 skeletal warriors
  3 flayed ghosts
  5 goliath frogs
  4 salamander mystics
  A sea snake (Lair:5)
  5 spectral hydras (Swamp:4)
  8 swamp dragons
  A tengu zombie (D:15)
  A necromancer (D:15)
  5 bog bodies
  5 spriggan druids
  2 naga ritualists
  A wizard (D:13)
  4 harpies (Lair:5)
  Pikel (D:6)
  3 orc knights
  6 mana vipers
  15 ugly things
  2 deep elf pyromancers (D:12)
  2 cyclopes
  3 oklob plants (Swamp:4)
  A stone giant zombie (D:15)
  3 manticores
  An iron dragon skeleton (D:15)
  3 will-o-the-wisps
  24 salamanders
  36 elephants
  5 guardian serpents
  32 black mambas
  2 molten gargoyles (Volcano)
  22 naga magi
  A water nymph (D:12)
  3 ice statues
  8 cane toads
  A gargoyle (Volcano)
  Psyche (D:8)
  An efreet (Volcano)
  3 unseen horrors
  8 rime drakes
  2 minotaur zombies (Gauntlet)
  2 tormentors (D:13)
  A komodo dragon (shapeshifter) (D:13)
  3 kobold demonologists (D:12)
  2 tengu conjurers
  An ice devil (Gauntlet)
  A freezing wraith (D:14)
  11 komodo dragons
  3 death drake zombies (Swamp:4)
  A guardian mummy (D:15)
  4 trolls
  2 hydra zombies (Swamp:4)
  3 meliai (Gauntlet)
  2 bloated husks
  10 polar bears
  Prince Ribbit (D:8)
  16 blink frogs
  5 tyrant leeches
  7 hornets
  2 hydra skeletons (Swamp:4)
  A wind drake (Lair:5)
  21 slime creatures
  3 shadows
  A centaur simulacrum (D:13)
  5 wyverns
  7 wraiths
  22 yaks
  6 basilisks
  2 fire bats (Volcano)
  2 fire elementals (Volcano)
  4 hogs (Snake:1)
  2 humans
  A steam dragon (Lair:4)
  4 wargs (Orc:2)
  18 vampire mosquitoes
  17 swamp worms
  36 nagas
  20 water moccasins
  A hydra simulacrum (Swamp:4)
  3 swamp drakes
  A swamp dragon zombie (Swamp:4)
  21 orc warriors
  A sky beast (D:7)
  A black bear (D:7)
  6 ogres
  A swamp drake (shapeshifter) (D:15)
  6 ice beasts
  7 centaurs (D:14)
  17 wolves
  5 boggarts (D:12)
  2 swamp dragon skeletons (Swamp:4)
  A phantom (D:3)
  6 kobold brigands
  11 bullfrogs
  3 gnoll sergeants (D:12)
  3 scorpions
  7 wights
  6 lindwurm simulacra (IceCv)
  4 killer bees (D:10)
  3 electric eels
  11 howler monkeys
  A lava snake (Volcano)
  4 komodo dragon simulacra (IceCv)
  11 jellies
  2 hounds
  32 orc priests
  Jessica (D:3)
  5 iguanas
  21 orc wizards
  2 sleepcaps
  Natasha (thrice) (D:3)
  8 hell rats
  14 gnolls
  6 acid dragon simulacra (IceCv)
  10 adders
  7 river rats
  2 shadow imps
  14 white imps
  5 steam dragon simulacra (IceCv)
  A worm (Sewer)
  4 dart slugs
  75 orcs
  17 ball pythons
  14 bats
  2 bat zombies (D:7)
  9 endoplasms
  10 giant cockroaches
  22 hobgoblins
  6 jackals
  19 kobolds
  9 quokkas
  6 frilled lizards
  18 goblins
  7 rats
  2 rat zombies (D:7)
1120 creatures vanquished.

Vanquished Creatures (collateral kills)
  An orc warrior (Bailey)
  A worm (D:3)
  3 orcs (Bailey)
  7 goblins
  A hobgoblin (Bailey)
  A jackal (D:3)
  A kobold (D:2)
15 creatures vanquished.

Vanquished Creatures (others)
  A gargoyle (Volcano)
  A bloated husk (Swamp:3)
  2 humans
  3 orc warriors (Bailey)
  A hound (D:6)
  A sleepcap (D:7)
  An adder (D:2)
  2 foxfires (Swamp:3)
12 creatures vanquished.

Grand Total: 1147 creatures vanquished

Notes
Turn   | Place    | Note
-------+----------+-------------------------------------------
     0 | D:1      | freelancePsychic the Demigod Artificer began the quest for
                  | the Orb.
     0 | D:1      | Reached XP level 1. HP: 15/15 MP: 3/3
    37 | D:1      | Reached skill level 1 in Fighting
   510 | D:2      | Reached XP level 2. HP: 2/23 MP: 4/4
   804 | D:2      | Reached skill level 1 in Ranged Weapons
   834 | D:2      | Reached XP level 3. HP: 29/29 MP: 5/5
   972 | D:2      | Identified the +7 quarterstaff "Deosil" {holy, Str+3}
  1139 | D:2      | Reached XP level 4. HP: 36/36 MP: 6/6
  1386 | D:3      | Noticed Natasha
  1396 | D:3      | Killed Natasha
  1397 | D:3      | Reached skill level 2 in Ranged Weapons
  1476 | D:3      | Noticed a phantom
  1481 | D:3      | Killed a phantom
  1482 | D:3      | Reached XP level 5. HP: 40/42 MP: 7/7
  1678 | D:3      | Reached skill level 3 in Ranged Weapons
  1751 | D:3      | Noticed Jessica
  1760 | D:3      | Killed Jessica
  1935 | D:3      | Noticed Natasha
  2106 | D:3      | Killed Natasha
  2205 | D:3      | Noticed Robin
  2383 | D:4      | Noticed an ogre
  2466 | D:4      | Reached XP level 6. HP: 38/51 MP: 8/8
  2785 | D:3      | Noticed Natasha
  2790 | D:3      | Killed Natasha
  2791 | D:3      | Reached skill level 1 in Dodging
  2927 | D:4      | Found a runed translucent door.
  2928 | D:4      | Noticed Crazy Yiuf
  3130 | D:5      | Entered Level 5 of the Dungeon
  3144 | D:5      | Reached skill level 4 in Ranged Weapons
  3375 | D:5      | Reached XP level 7. HP: 29/58 MP: 9/9
  3572 | D:5      | Found a glowing drain.
  3576 | Sewer    | Entered a sewer
  3813 | Sewer    | Reached skill level 5 in Ranged Weapons
  4426 | D:5      | Noticed Pikel
  4509 | D:5      | Found a staircase to the Ecumenical Temple.
  4798 | D:6      | Noticed Grinder
  5283 | D:6      | Reached skill level 6 in Ranged Weapons
  5283 | D:6      | Reached XP level 8. HP: 65/67 MP: 10/10
  5294 | D:6      | Killed Pikel
  5295 | D:6      | Reached skill level 5 in Fighting
  5402 | D:6      | Reached skill level 7 in Ranged Weapons
  5402 | D:6      | Reached skill level 5 in Evocations
  5550 | D:7      | Noticed a troll
  5558 | D:7      | Killed a troll
  5607 | D:7      | Noticed a hornet
  5612 | D:7      | Killed a hornet
  5613 | D:7      | Reached XP level 9. HP: 62/75 MP: 11/11
  5656 | D:7      | Reached skill level 8 in Ranged Weapons
  5705 | D:7      | Found a flagged portal.
  5731 | Bailey   | Entered a bailey
  6008 | Bailey   | Noticed an orc knight
  6098 | Bailey   | Noticed an orc knight
  6117 | Bailey   | Killed an orc knight
  6118 | Bailey   | Reached skill level 9 in Ranged Weapons
  6257 | Bailey   | Killed an orc knight
  6286 | Bailey   | Noticed an orc warlord
  6329 | Bailey   | Killed an orc warlord
  6330 | Bailey   | Reached XP level 10. HP: 34/86 MP: 13/13
  6414 | Bailey   | Acquired the ring "Zall" {AC+4 Str+2 Slay+2}
  6761 | D:8      | Noticed Prince Ribbit
  6790 | D:8      | Killed Prince Ribbit
  6791 | D:8      | Reached skill level 10 in Ranged Weapons
  6817 | D:8      | Noticed Psyche
  6829 | D:8      | Killed Psyche
  7710 | D:9      | Noticed a two-headed ogre
  7723 | D:9      | Killed a two-headed ogre
  7724 | D:9      | Reached skill level 11 in Ranged Weapons
  8359 | D:10     | Entered Level 10 of the Dungeon
  8359 | D:10     | Noticed a death yak
  8573 | D:10     | Found a staircase to the Lair.
  8575 | D:10     | Noticed a death yak
  8586 | D:10     | Noticed a death yak
  8602 | D:10     | Killed a death yak
  8603 | D:10     | Reached skill level 1 in Hexes
  8603 | D:10     | Reached skill level 1 in Translocations
  8603 | D:10     | Killed a death yak
  8604 | D:10     | Reached XP level 11. HP: 90/94 MP: 14/14
  8608 | D:10     | Killed a death yak
  8807 | D:10     | Learned a level 4 spell: Dimensional Bullseye
  9721 | D:12     | Noticed a two-headed ogre
  9722 | D:12     | Reached skill level 12 in Ranged Weapons
  9725 | D:12     | a two-headed ogre changed into a water nymph
  9922 | D:12     | Identified the +6 whip "Iraleihu" {venom, rN+++}
  9978 | D:12     | Noticed a deep elf pyromancer
  9985 | D:12     | Found a gate leading to a gauntlet.
  9994 | Gauntlet | Entered a Gauntlet
  9994 | Gauntlet | Noticed a tengu warrior
  9994 | Gauntlet | Found a transporter.
  9994 | Gauntlet | Found a transporter.
 10012 | Gauntlet | Found a transporter.
 10016 | Gauntlet | Found a transporter.
 10018 | Gauntlet | Found a large runed translucent door.
 10019 | Gauntlet | Found a large runed translucent door.
 10020 | Gauntlet | Found a large runed translucent door.
 10020 | Gauntlet | Found a large runed translucent door.
 10020 | Gauntlet | Found a runed translucent door.
 10020 | Gauntlet | Found a runed translucent door.
 10021 | Gauntlet | Found a large runed translucent door.
 10022 | Gauntlet | Found a large runed translucent door.
 10023 | Gauntlet | Found a large runed translucent door.
 10023 | Gauntlet | Found a large runed translucent door.
 10024 | Gauntlet | Found a runed translucent gate.
 10024 | Gauntlet | Found a runed translucent gate.
 10024 | Gauntlet | Found a runed translucent gate.
 10024 | Gauntlet | Noticed a blizzard demon
 10026 | Gauntlet | Found a transporter.
 10030 | Gauntlet | Found a transporter.
 10040 | Gauntlet | Found a transporter.
 10059 | Gauntlet | Noticed a wretched star
 10061 | Gauntlet | Found a transporter.
 10067 | Gauntlet | Found a transporter.
 10072 | Gauntlet | Noticed a catoblepas
 10073 | Gauntlet | Found a large runed translucent door.
 10073 | Gauntlet | Found a large runed translucent door.
 10074 | Gauntlet | Found a large runed translucent door.
 10075 | Gauntlet | Found a large runed translucent door.
 10076 | Gauntlet | Found a large runed translucent door.
 10076 | Gauntlet | Found a large runed translucent door.
 10077 | Gauntlet | Found a large runed translucent door.
 10078 | Gauntlet | Found a large runed translucent door.
 10090 | Gauntlet | Found a transporter.
 10090 | Gauntlet | Found a transporter.
 10091 | Gauntlet | Noticed a large abomination
 10128 | Gauntlet | Found a transporter.
 10285 | Gauntlet | Killed a blizzard demon
 10337 | Gauntlet | Identified the ring of Xom's Recklessness {rElec rF+ Dex+4
                  | Stlth-}
 10422 | Gauntlet | Identified the ring "Iloabar" {Will+ MP+9 Stlth+}
 10435 | Gauntlet | Identified the ring of Azocuzef {rN+ Int+6 Dex+4}
 10435 | Gauntlet | Noticed a minotaur
 10439 | Gauntlet | Killed a minotaur
 10549 | Gauntlet | Got a droning book
 10643 | D:12     | Noticed a deep elf pyromancer
 10663 | D:12     | Killed a deep elf pyromancer
 10862 | D:12     | Killed a deep elf pyromancer
 10863 | D:12     | Reached XP level 12. HP: 82/104 MP: 15/15
 10964 | D:12     | Learned a level 3 spell: Tukima's Dance
 11455 | D:12     | Noticed a boulder beetle
 11460 | D:12     | Killed a boulder beetle
 11461 | D:12     | Reached skill level 13 in Ranged Weapons
 11467 | D:12     | Found a staircase to the Orcish Mines.
 11486 | D:12     | Reached skill level 1 in Spellcasting
 11576 | Lair:1   | Entered Level 1 of the Lair of Beasts
 11690 | Lair:1   | Reached skill level 5 in Hexes
 11690 | Lair:1   | Reached skill level 5 in Translocations
 12514 | Lair:2   | Identified the +2 short sword of Lixamall {holy, Int+4}
 12531 | Lair:2   | Reached skill level 10 in Fighting
 12793 | Lair:2   | Found a staircase to the Swamp.
 12883 | Lair:2   | Reached XP level 13. HP: 104/113 MP: 18/21
 12914 | Lair:2   | Reached skill level 14 in Ranged Weapons
 12966 | Lair:2   | Found a staircase to the Snake Pit.
 13135 | Lair:2   | You fall into a shaft and drop 1 floor!
 14274 | Lair:4   | Identified the +2 long sword "Ikayh" {venom, Int+5}
 14827 | Lair:5   | Entered Level 5 of the Lair of Beasts
 14965 | Lair:5   | Reached skill level 15 in Ranged Weapons
 14981 | Lair:5   | Found a staircase to the Slime Pits.
 15012 | Lair:5   | Reached skill level 5 in Dodging
 15151 | Lair:5   | Reached XP level 14. HP: 85/124 MP: 16/24
 15269 | Lair:5   | Found a frozen archway.
 15280 | IceCv    | Entered an ice cave
 16113 | Lair:5   | Reached skill level 16 in Ranged Weapons
 16633 | D:13     | Found a flickering gateway to a bazaar.
 16645 | Bazaar   | Entered a bazaar
 16663 | Bazaar   | Found Otadgh Netase's Assorted Antiques.
 16679 | Bazaar   | Found Tane Piri's Antique Weapon Emporium.
 16679 | Bazaar   | Found Ykeoh's Weapon Shoppe.
 16701 | Bazaar   | Found Kergho's Antique Weapon Shoppe.
 16786 | Bazaar   | Bought a scroll of fear for 112 gold pieces
 16786 | Bazaar   | Bought a scroll labelled URUOFF JAREONG for 28 gold pieces
 16786 | Bazaar   | Bought a potion of heal wounds for 140 gold pieces
 16786 | Bazaar   | Bought a potion of curing for 84 gold pieces
 17377 | D:13     | Identified the +5 scale mail of the Heavens {Regen+ Str+8
                  | Int-3 Dex-4 Stlth+}
 17766 | D:13     | Found a gate to the Vaults.
 18074 | Orc:1    | Entered Level 1 of the Orcish Mines
 18106 | Orc:1    | Found a dark tunnel.
 18115 | Volcano  | Entered a volcano
 18734 | Orc:2    | Entered Level 2 of the Orcish Mines
 18745 | Orc:2    | Found Xumoelef's Weapon Shoppe.
 18762 | Orc:2    | Found Huisidwo's Weapon Boutique.
 18831 | Orc:2    | Found Nipluepe's General Store.
 18851 | Orc:2    | Bought a scroll of acquirement for 780 gold pieces
 18851 | Orc:2    | Bought a scroll of teleportation for 45 gold pieces
 18851 | Orc:2    | Acquired 855 gold pieces
 18932 | Orc:2    | Reached skill level 17 in Ranged Weapons
 18999 | Orc:2    | Noticed Donald
 19000 | Orc:2    | Reached XP level 15. HP: 134/134 MP: 25/25
 19006 | Orc:2    | Killed Donald
 19065 | Orc:2    | Found Kopni's Book Boutique.
 19065 | Orc:2    | Found Sanoihacs's Jewellery Emporium.
 19111 | Orc:2    | Found Vuynuuv's Assorted Antiques.
 19123 | Orc:2    | Bought a scroll of enchant weapon for 225 gold pieces
 19123 | Orc:2    | Bought a scroll of blinking for 225 gold pieces
 19123 | Orc:2    | Bought 3 scrolls of fear for 360 gold pieces
 19221 | Orc:2    | Found Lyss's Antique Weapon Shop.
 19450 | Orc:2    | Found a staircase to the Elven Halls.
 19516 | Orc:2    | Found Uduh's Jewellery Boutique.
 19556 | Orc:2    | Found Kett's Weapon Emporium.
 20532 | D:15     | Entered Level 15 of the Dungeon
 20554 | D:15     | Learned a level 2 spell: Blink
 20561 | D:15     | Found Mudots's Neck Hole.
 20573 | D:15     | Bought the amulet of Nekimn {Spirit rC+ Regen+ Slay+3} for
                  | 905 gold pieces
 20910 | D:15     | Found a staircase to the Depths.
 20968 | D:15     | Found a runed translucent gate.
 20968 | D:15     | Found a runed translucent gate.
 20968 | D:15     | Found a runed translucent gate.
 21073 | D:15     | Noticed Xiynir's ghost (adept VSSh)
 21425 | Swamp:1  | Entered Level 1 of the Swamp
 21468 | Swamp:1  | Identified the +0 scale mail of the Shining Light {Str+5}
 22077 | Swamp:2  | Noticed a fenstrider witch
 22080 | Swamp:2  | Killed a fenstrider witch
 22081 | Swamp:2  | Reached skill level 10 in Dodging
 22399 | Swamp:2  | Paralysed by a hornet for 1 turns
 22664 | Swamp:3  | Reached skill level 18 in Ranged Weapons
 23068 | Swamp:4  | Entered Level 4 of the Swamp
 23147 | Swamp:4  | Reached XP level 16. HP: 144/144 MP: 22/26
 23210 | Swamp:4  | Noticed a tentacled monstrosity
 23218 | Swamp:4  | Killed a tentacled monstrosity
 23673 | Swamp:4  | Paralysed by something for 2 turns
 23936 | Swamp:4  | Reached skill level 5 in Armour
 24340 | Swamp:4  | Got a decaying rune of Zot
 24640 | Snake:1  | Entered Level 1 of the Snake Pit
 24852 | Snake:1  | Noticed Kirke
 24856 | Snake:1  | Killed Kirke
 24977 | Snake:1  | Found Lofe's Antique Armour Shoppe.
 25027 | Snake:1  | Bought a fine cloak for 370 gold pieces
 25027 | Snake:1  | Identified the +1 cloak "Jorrourph" {-Tele Rampage rF++
                  | Stlth+} (You bought it in a shop on level 1 of the Snake
                  | Pit)
 25030 | Snake:1  | Bought a glowing helmet for 292 gold pieces
 25640 | Snake:2  | Found a runed translucent gate.
 25640 | Snake:2  | Found a runed translucent gate.
 25640 | Snake:2  | Found a runed translucent gate.
 25786 | Snake:2  | Identified the +4 mace of Yeast {speed, Will++ Stlth+}
 25856 | Snake:2  | Reached XP level 17. HP: 144/152 MP: 24/28
 25933 | Snake:2  | Reached skill level 5 in Spellcasting
 25988 | Snake:2  | Identified the ring of the Philosopher {Wiz rCorr Str+2
                  | Int+3}
 25997 | Snake:2  | Noticed bahustanut's ghost (adept FoFi)
 26471 | Snake:3  | Noticed Bai Suzhen
 26486 | Snake:3  | Killed Bai Suzhen
 27765 | Snake:4  | Entered Level 4 of the Snake Pit
 28224 | Snake:4  | HP: 5/154 [nagaraja/+0 flail (22)]
 28226 | Snake:4  | Killed from afar by a nagaraja

Illustrated notes

Levels and vault maps discovered:
D:1:      amcnicky_arrival_single_pillar, layout_basic, grunt_decor_junction
D:2:      minmay_thinvault, layout_basic, minmay_misc_feat_chi
D:3:      kennysheep_goblin_castle, layout_basic,
          hellmonk_ecumenical_altar_blasted, uniq_natasha, uniq_jessica,
          uniq_robin
D:4:      layout_rooms, grunt_temple_overflow_open, corexii_hall_statues_l,
          st_stairs_11, hex_intersection, uniq_crazy_yiuf_cottage
D:5:      layout_rooms, nemelex_diamond_rough_becter,
          minmay_temple_entry_drinking_statues, gup_sewer_entry_spiral,
          minmay_misc_feat_encased, uniq_pikel
D:6:      layout_basic, mainiacjoe_overflow_concentric_impassable, uniq_grinder
D:7:      layout_rooms, okawaru_humans, lemuel_zombie_altar_kikubaaqudgha,
          enter_bailey_3
D:8:      layout_rooms, mainiacjoe_overflow_surrounded_room, tgw_xom,
          uniq_prince_ribbit1, uniq_psyche
D:9:      layout_stronghold, lemuel_blue_sif_altar,
          mainiacjoe_overflow_six_doors_small, old_standard_altar
D:10:     layout_roguey, mainiacjoe_overflow_brackets,
          nicolae_overflow_hidden_temple, dpeg_lair_monsters
D:11:     layout_loops_ring, nicolae_two_hexagons
D:12:     nicolae_BIG_FREAKIN_CUBE, layout_long_grid,
          kennysheep_orc_monster_closet_entryway, serial_co_window_serial,
          co_window_paths_a, co_window_corner_a, co_window_paths_a,
          co_window_of_opportunity_a, co_window_cross_1, co_window_broadway_b,
          co_window_corner_b, co_window_cross_3, co_window_2corner,
          co_window_corner_b, glass_columns_c, glass_columns_c, glass_columns_a,
          gauntlet_entry_generic, tso_oasis_becter
D:13:     cheibrodos_tormentor_scu, layout_loops_ring,
          grunt_vaults_entry_fortified, serial_shops, freezing_bzr,
          minmay_statue_bubble
D:14:     layout_long_grid, evilmike_ruin_ashenzari, ice2_lemuel
D:15:     gammafunk_depths_entry_grave, layout_long_grid, gammafunk_ghost_icy,
          minivault_24, nicolae_shop_sticking_my_neck_out
Lair:1:   layout_regular_city, chequers_serial_rivers_large_a,
          chequers_serial_rivers_small_b, grunt_megastairs_4
Lair:2:   layout_roguey, minmay_swamp_entry_swarm,
          minmay_snake_entry_six_corridors
Lair:3:   layout_long_grid, serial_bayou_lagoon_b
Lair:4:   beast_lair_carwin_large_2, layout_concentric_octagons
Lair:5:   gammafunk_lair_ancient_temple, layout_hall_layers,
          minmay_slime_entry_jelly_boxes, portal_ice_cave_entry_imps,
          lemuel_fruit_tree, infiniplex_staircase_pool_2
Swamp:1:  layout_basic_swamp, evilmike_swamp_ruin_house_6
Swamp:2:  layout_basic_swamp, nicolae_swamp_some_circles
Swamp:3:  layout_falls_marsh, evilmike_swamp_ruin_rubble_2, swamp_pool5
Swamp:4:  byrel_swamp_growth_death_and_undeath, layout_basic_swamp, swamp_pool2,
          nicolae_swamp_well_well_well
Snake:1:  layout_onion, serial_shops, nicolae_shop_hallway_stairs,
          nicolae_snake_gridmaze_spiral, drop_trap, nicolae_triple_integral,
          uniq_kirke
Snake:2:  layout_misc_corridors, gammafunk_ghost_split, special_room
Snake:3:  layout_layer_cave, uniq_bai_suzhen
Snake:4:  grunt_snake_rune_serpentine_throne, layout_misc_corridors,
          special_room, uniq_agnes
Orc:1:    layout_diamond_mine, enter_volcano_2
Orc:2:    st_orc_town, layout_caves, serial_shops, shop_coins, shop,
          nicolae_shop_bloodbath_and_beyond, nicolae_diamond_shop, shop,
          uniq_donald

Skill      XL: |  1  2  3  4  5  6  7  8  9 10 11 12 13 14 15 16 17 |
---------------+----------------------------------------------------+-----
Fighting       | 1 2 3 4 5 7 8 9 10 11 12 13 14 | 14.7
Evocations     | 3 4 5 6 |  6.9
Ranged Weapons | 1 2 3 4 6 7 9 11 12 13 15 17 18 | 18.8
Dodging        | 2 3 4 5 7 10 11 12 | 12.1
Hexes          | 1 4 6 8 9 |  9.0
Translocations | 1 4 6 8 9 |  9.0
Spellcasting   | 3 4 6 |  6.0
Armour         | 2 6 7 |  7.6
Stealth        | |  0.8

Action                     |  1- 3 |  4- 6 |  7- 9 | 10-12 | 13-15 | 16-18 || total
---------------------------+-------+-------+-------+-------+-------+-------++-------
  Melee: Club              |    47 |       |       |       |       |       ||    47
         Quarterstaff      |     9 |   140 |   282 |       |       |       ||   431
   Fire: Sling             |    66 |     2 |    60 |   171 |       |       ||   299
         Arbalest          |       |       |       |   282 |       |       ||   282
         Triple crossbow   |       |       |       |   226 |   946 |   571 ||  1743
   Cast: Dimensional Bulls |       |       |       |     5 |    46 |    21 ||    72
         Blink             |       |       |       |       |     1 |       ||     1
  Evoke: Wand              |     7 |     3 |    36 |    24 |     4 |     1 ||    75
    Use: Potion            |     1 |       |    11 |     6 |     4 |     3 ||    25
         Scroll            |     2 |     6 |    10 |    23 |    15 |     6 ||    62
   Stab: Sleeping          |     1 |     3 |     2 |       |       |       ||     6
         Invisible         |       |       |     1 |       |       |       ||     1
 Armour: Leather armour    |    70 |   115 |   182 |       |       |       ||   367
         Troll leather arm |       |       |    73 |   389 |   438 |       ||   900
         Swamp dragon scal |       |       |       |       |     6 |   477 ||   483
  Dodge: Dodged            |    80 |   106 |   301 |   377 |   594 |   678 ||  2136

Table legend: (Time is in decaauts)
 A = Elapsed time spent in this place.
 B = Non-inter-level travel time spent in this place.
 C = Inter-level travel time spent in this place.
 D = Time resting spent in this place.
 E = Time spent auto-exploring this place.
 F = Levels seen in this place.
 G = Mean time per level.
                   A        B        C        D        E       F      G
               +--------+--------+--------+--------+--------+-----+--------+
         Total |  29860 |  28498 |   1362 |    909 |  20132 |  36 |  829.4 |
       Dungeon |  13133 |  12453 |    680 |    370 |   8864 |  15 |  875.5 |
          Lair |   4799 |   4522 |    277 |    185 |   3097 |   5 |  959.8 |
         Swamp |   3471 |   3265 |    206 |    100 |   2483 |   4 |  867.8 |
     Snake Pit |   3694 |   3590 |    104 |     78 |   2735 |   4 |  923.5 |
  Orcish Mines |   1322 |   1228 |     94 |     29 |    874 |   2 |  661.0 |
        Bazaar |    196 |    196 |      0 |      0 |     84 |   1 |  196.0 |
         Sewer |    891 |    891 |      0 |      0 |    574 |   1 |  891.0 |
        Bailey |    714 |    714 |      0 |      4 |    385 |   1 |  714.0 |
      Ice Cave |    495 |    495 |      0 |      0 |    332 |   1 |  495.0 |
       Volcano |    506 |    506 |      0 |     21 |    372 |   1 |  506.0 |
      Gauntlet |    633 |    633 |      0 |    122 |    331 |   1 |  633.0 |
               +--------+--------+--------+--------+--------+-----+--------+

Top non-repeatable levels by time:
    D:13: 1599 daAuts
 Swamp:4: 1491 daAuts
    D:12: 1423 daAuts
 Snake:3: 1257 daAuts
   Orc:2: 1135 daAuts
     D:3: 1115 daAuts
  Lair:1: 1057 daAuts
  Lair:5: 1052 daAuts
     D:9: 1022 daAuts
     D:2: 1010 daAuts
 Snake:1: 996 daAuts
 Snake:2: 926 daAuts
  Lair:3: 910 daAuts
   Sewer: 891 daAuts
  Lair:4: 890 daAuts
